 Dungeon Crawl Stone Soup version 0.27.0-1-g7a089689b8 (webtiles) character file.

Game seed: 10935040975657338694

108 dolemite99 the Chiller (level 4, -9/30 HPs)
             Began as a Demonspawn Ice Elementalist on Aug 11, 2021.
             Was a Follower of Dithmenos.
             Mangled by an orc (10 damage)
             ... on level 4 of the Dungeon.
             The game lasted 00:03:21 (3806 turns).

dolemite99 the Chiller (DsIE)                       Turns: 3806, Time: 00:03:22

Health: -9/30      AC:  2    Str:  8    XL:     4   Next: 58%
Magic:  2/7        EV: 12    Int: 18    God:    Dithmenos [*.....]
Gold:   78         SH:  0    Dex: 13    Spells: 6/7 levels left

rFire    . . .     SeeInvis .   a - +0 short sword (venom)
rCold    . . .     Faith    .   (no shield)
rNeg     + . .     Spirit   .   r - +0 robe
rPois    .         Reflect  .   (helmet restricted)
rElec    .         Harm     .   (no cloak)
rCorr    .         Rampage  .   (no gloves)
Will     .....                  (no boots)
Stlth    ++........             (no amulet)
HPRegen  0.10/turn              p - ring of positive energy
MPRegen  0.10/turn              (no ring)

@: hasted, wreathed by umbra, very quick
A: claws 2, horns 1
a: Renounce Religion


You were on level 4 of the Dungeon.
You worshipped Dithmenos.
Dithmenos was aware of your devotion.
You visited 1 branch of the dungeon, and saw 4 of its levels.

You collected 78 gold pieces.

Inventory:

Hand Weapons
 a - a +0 short sword of venom (weapon)
 d - a +0 club
 l - a +0 dagger
 m - a +0 mace
Missiles
 c - 18 arrows
 f - 37 stones (quivered)
 g - 26 bolts
Armour
 r - a +0 robe (worn)
Jewellery
 n - a ring of protection from fire
 p - a ring of positive energy (left claw)
 z - a +4 ring of evasion
Wands
 v - a wand of acid (11)
 A - a wand of flame (16)
Scrolls
 b - a scroll of enchant armour {unknown}
 e - 2 scrolls of identify {unknown}
 i - a scroll of blinking {unknown}
 j - a scroll of acquirement {unknown}
 o - a scroll of summoning {unknown}
 u - a scroll of magic mapping {unknown}
 x - 2 scrolls of amnesia {unknown}
 y - a scroll of fear {unknown}
Potions
 h - a potion of haste
 k - a potion of curing {unknown}
 q - a potion of degeneration {unknown}
 s - a potion of attraction {unknown}
 t - a potion of ambrosia {unknown}
 w - a potion of brilliance {unknown}
 B - a potion of flight {unknown}


   Skills:
 + Level 2.9 Short Blades
 - Level 1.7 Dodging
 - Level 1.7 Stealth
 - Level 2.0 Spellcasting
 - Level 4.4 Ice Magic


You had 6 spell levels left.
You knew the following spells:

 Your Spells              Type           Power      Damage    Failure   Level
a - Freeze                Ice            68%        1d8       3%          1

Your spell library contained the following spells:

 Spells                   Type           Power      Damage    Failure   Level
 Frozen Ramparts          Ice            34%        1d5       9%          3
 Ozocubu's Armour         Ice            17%        N/A       9%          3
 Animate Skeleton         Necr           2%         N/A       19%         1
 Apportation              Tloc           2%         N/A       19%         1
 Corona                   Hex            1%         N/A       19%         1
 Summon Small Mammal      Summ           4%         N/A       19%         1
 Hailstorm                Conj/Ice       9%         3d4       58%         4


Dungeon Overview and Level Annotations

Branches:
Dungeon (4/15)
 Temple: D:4-7

Altars:
Dithmenos
Elyvilon
Trog

Shops:
D:1 [


Innate Abilities, Weirdness & Mutations

You have very sharp fingernails.
You have a pair of small horns on your head.


Message History

The arrow closely misses you.
You see here a howler monkey corpse.
The orc throws a boomerang.
The boomerang barely misses you. The orc closely misses you.
There are monsters nearby!
The centaur unwields a +1 shortbow of flaming.
It stops flaming.
The centaur hits you.
The centaur kicks you but does no damage.
You hit the centaur but do no damage.
The centaur is poisoned.
You headbutt the centaur, but do no damage.
The centaur hits you. The centaur completely misses you.
The orc closely misses you. The centaur closely misses you.
The centaur kicks you.
Casting: Freeze (safe; 3% risk of failure)
Confirm with . or Enter, or press ? or * to list all spells.
Aiming: Freeze (safe; 3% risk of failure)
Press: ? - help, Shift-Dir - straight line, f - centaur
Aim: a centaur, quivering arrows (lightly wounded, very poisoned, umbra)
You freeze the centaur.
The centaur is lightly wounded.
The centaur hits you.
* * * LOW HITPOINT WARNING * * *
The centaur kicks you.
* * * LOW HITPOINT WARNING * * *
The orc closely misses you.
Casting: Freeze (safe; 3% risk of failure)
Confirm with . or Enter, or press ? or * to list all spells.
Aiming: Freeze (safe; 3% risk of failure)
Press: ? - help, Shift-Dir - straight line, f/p - centaur
Aim: a centaur, quivering arrows (moderately wounded, very poisoned, umbra)
You freeze the centaur.
The centaur is moderately wounded.
The centaur hits you.
* * * LOW HITPOINT WARNING * * *
The centaur closely misses you. The orc barely misses you.
The centaur misses you. The centaur barely misses you.
It was a potion of haste.
You feel yourself speed up. The centaur closely misses you.
The centaur barely misses you.
The orc hits you with a +2 flail of holy wrath!
You die...

#.##### ### ####.....#
.. #........# ## #.
#.###....#
$..##(######.###....##
.'.c.........'.....+
##?....##.###.....#
##..#c##.# #####+#
#†##@##.# #..o.##.#
#######.# #.# #.# #.#
####'## #.....#
#.....#


You could see a centaur (very poisoned) and an orc.

Vanquished Creatures
  A howler monkey (D:4)
  An adder (D:2)
  9 orcs (D:3)
  3 ball pythons
  2 endoplasms
  2 giant cockroaches
  2 goblins
  4 hobgoblins
  4 jackals
  2 quokkas (D:2)
  3 bats
  5 frilled lizards
  4 kobolds
  6 rats
48 creatures vanquished.

Notes
Turn   | Place    | Note
-------+----------+-------------------------------------------
     0 | D:1      | dolemite99 the Demonspawn Ice Elementalist began the quest
                  | for the Orb.
     0 | D:1      | Reached XP level 1. HP: 13/13 MP: 3/3
   282 | D:1      | Reached skill level 4 in Ice Magic
   290 | D:1      | Gained mutation: You have a pair of small horns on your
                  | head. [demonic ancestry]
   290 | D:1      | Reached XP level 2. HP: 14/19 MP: 0/5
   649 | D:1      | Found Yqoawyitorph's Antique Armour Emporium.
  1843 | D:2      | Gained mutation: You have sharp fingernails. [demonic
                  | ancestry]
  1843 | D:2      | Reached XP level 3. HP: 12/24 MP: 6/6
  2306 | D:2      | Reached skill level 1 in Short Blades
  2760 | D:3      | Found a faded altar of an unknown god.
  2769 | D:3      | Became a worshipper of Dithmenos the Shadowed
  2769 | D:3      | Reached * piety under Dithmenos
  3027 | D:3      | Found a bloodstained altar of Trog.
  3583 | D:3      | Gained mutation: You have very sharp fingernails. [demonic
                  | ancestry]
  3583 | D:3      | Reached XP level 4. HP: 30/30 MP: 2/7
  3795 | D:4      | Noticed a centaur
  3805 | D:4      | HP: 1/30 [centaur (6)]
  3806 | D:4      | Mangled by an orc

Illustrated notes

Levels and vault maps discovered:
D:1:      lightli_arrival_lavapool, layout_loops_ring, serial_shops, shop
D:2:      layout_rooms
D:3:      layout_basic, mainiacjoe_overflow_paths, mainiacjoe_overflow_alcove_4,
          dreamdust_ecumenical_altar_sealed_demon
D:4:      layout_basic, kennysheep_mini, okawaru_gym_becter,
          corexii_item_surrounded_by_moat, uniq_pikel

Skill      XL: |  1  2  3 |
---------------+----------+-----
Ice Magic      | 4 |  4.4
Short Blades   | 2 |  2.9
Dodging        | |  1.7
Stealth        | |  1.7
Spellcasting   | |  2.0

Action                   |  1- 3 |  4- 6 || total
-------------------------+-------+-------++-------
Melee: Club              |     6 |       ||     6
       Unarmed           |     4 |       ||     4
       Short sword       |    24 |     6 ||    30
       Mace              |     3 |       ||     3
       Headbutt          |     1 |     1 ||     2
Throw: Stone             |     3 |       ||     3
       Boomerang         |     3 |       ||     3
 Cast: Freeze            |    57 |     6 ||    63
  Use: Potion            |       |     1 ||     1
 Stab: Sleeping          |     1 |       ||     1
Armor: Robe              |    13 |     1 ||    14
Dodge: Dodged            |    68 |    21 ||    89
